 Dungeon Crawl Stone Soup version 0.28-a0-94-g325244837d (webtiles) character file.

Game seed: 13009417519110401661

6213 pokeman the Thaumaturge (level 10, -1/56 HPs)
             Began as a Deep Elf Hedge Wizard on Aug 7, 2021.
             Was an Elder of Vehumet.
             Slain by a yak (7 damage)
             ... on level 9 of the Dungeon.
             The game lasted 00:32:08 (9228 turns).

pokeman the Thaumaturge (Deep Elf Hedge Wizard)     Turns: 9228, Time: 00:32:09

Health: -1/56      AC:  7    Str:  7    XL:     10   Next: 61%
Magic:  25/29      EV: 13    Int: 26    God:    Vehumet [****..]
Gold:   380        SH:  0    Dex: 20    Spells: 24/36 levels left

rFire   . . .      SeeInvis .   F - +2 quarterstaff (chaos)
rCold   . . .      Faith    .   (shield currently unavailable)
rNeg    . . .      Spirit   .   r - +0 leather armour
rPois   .          Reflect  .   w - +1 helmet
rElec   +          Harm     .   G - +0 cloak
rCorr   .          Rampage  .   M - +0 pair of gloves
Will    +....                   (no boots)
Stlth   ++........              m - amulet of the acrobat
HPRegen 0.18/turn               d - ring of wizardry
MPRegen 0.21/turn               z - ring of Copsim {rElec Int+3 Dex+6}

@: no status effects
A: no striking features
a: Renounce Religion


You were on level 9 of the Dungeon.
You worshipped Vehumet.
Vehumet was greatly pleased with you.
You visited 2 branches of the dungeon, and saw 10 of its levels.
You also visited: Ossuary.

You collected 380 gold pieces.

Inventory:

Hand Weapons
 F - a +2 quarterstaff of chaos (weapon)
 R - a +0 shortbow
Missiles
 j - 129 arrows
 O - 5 throwing nets
 Q - 6 bolts
Armour
 r - a +0 leather armour (worn)
 w - a +1 helmet (worn)
 G - a +0 cloak (worn)
 I - a +0 kite shield
 M - a +0 pair of gloves (worn)
Magical Staves
 P - a staff of poison
Jewellery
 d - a ring of wizardry (left hand)
 m - an amulet of the acrobat (around neck)
 p - a ring of poison resistance
 z - the ring of Copsim (right hand) {rElec Int+3 Dex+6}
   (You found it on level 4 of the Dungeon)

   [ring of dexterity]

   Int:       It affects your intelligence (+3).
   Dex:       It affects your dexterity (+6).
   rElec:     It insulates you from electricity.
 K - a ring of protection from fire
 U - a ring of fire
 V - a +6 ring of strength
Wands
 l - a wand of mindburst (11)
 y - a wand of flame (10)
 H - a wand of paralysis (9)
 W - a wand of polymorph (6)
Scrolls
 b - 2 scrolls of enchant armour {unknown}
 g - 3 scrolls of fog {unknown}
 h - 6 scrolls of noise {unknown}
 i - a scroll of magic mapping {unknown}
 n - 9 scrolls of identify {unknown}
 o - 2 scrolls of torment {unknown}
 q - a scroll of summoning {unknown}
 t - 4 scrolls of enchant weapon {unknown}
 u - a scroll of amnesia {unknown}
 v - a scroll of vulnerability {unknown}
 x - a scroll of silence {unknown}
 A - 3 scrolls of teleportation {unknown}
 L - a scroll of immolation {unknown}
 N - a scroll of blinking {unknown}
 S - a scroll of fear {unknown}
 T - 3 scrolls of holy word {unknown}
Potions
 a - 4 potions of brilliance {unknown}
 c - 3 potions of heal wounds
 e - 3 potions of curing {unknown}
 f - 2 potions of resistance {unknown}
 k - 2 potions of might {unknown}
 s - 2 potions of magic {unknown}
 B - 3 potions of mutation {unknown}
 C - a potion of berserk rage {unknown}
 D - a potion of flight {unknown}
 E - a potion of lignification {unknown}
 J - a potion of degeneration {unknown}


   Skills:
 - Level 3.0 Fighting
 - Level 3.0 Armour
 - Level 3.3 Dodging
 - Level 3.0 Stealth
 + Level 3.3 Shields
 * Level 13.5 Spellcasting
 + Level 8.0 Conjurations
 - Level 1.1 Summonings
 - Level 1.1 Translocations
 + Level 7.0 Fire Magic
 - Level 1.0 Air Magic
 - Level 1.1 Poison Magic
 - Level 1.0 Evocations


You had 24 spell levels left.
You knew the following spells:

 Your Spells              Type           Power      Damage    Failure   Level
a - Magic Dart            Conj           100%       1d8       1%          1
b - Mephitic Cloud        Conj/Pois/Air  35%        N/A       1%          3
c - Call Imp              Summ           23%        N/A       1%          2
d - Blink                 Tloc           N/A        N/A       1%          2
e - Conjure Flame         Conj/Fire      54%        6-21      1%          3
f - Foxfire               Conj/Fire      100%       2x1d9     1%          1

Your spell library contained the following spells:

 Spells                   Type           Power      Damage    Failure   Level
 Dazzling Flash           Conj/Hex       76%        N/A       1%          3
 Freeze                   Ice            68%        1d8       1%          1
 Searing Ray              Conj           100%       3d7       1%          2
 Frozen Ramparts          Ice            34%        1d5       1%          3
 Inner Flame              Hex/Fire       35%        N/A       1%          3
 Fulminant Prism          Conj/Hex       19%        3d11      1%          4
 Hailstorm                Conj/Ice       38%        3d9       1%          4
 Slow                     Hex            17%        N/A       2%          2
 Cause Fear               Hex            8%         N/A       19%         4
 Discord                  Hex            8%         N/A       100%        8


Dungeon Overview and Level Annotations

Branches:
Dungeon (9/15)             Temple (1/1) D:5         Ossuary (visited)
   Lair: D:8-11         Orc: D:9-12

Altars:
Fedhas
Hepliaklqana
Kikubaaqudgha
Makhleb
Nemelex Xobeh
Qazlal
Sif Muna
Uskayaw
Vehumet
Wu Jian
Xom

Shops:
D:8 (


Message History

Vehumet accepts your kill.
The yak is engulfed in blazing flames.
Your Fire Magic skill increases to level 7!
Casting: Foxfire (safe; 1% risk of failure)
Confirm with . or Enter, or press ? or * to list all spells.
You conjure some foxfire!
The foxfire hits the yak.
The yak is severely wounded.
The foxfire hits the yak.
The yak is severely wounded.
The yak gores you! x2; The yak is engulfed in blazing flames.
The foxfire hits the yak.
The yak is almost dead.
The foxfire hits the yak but does no damage.
The yak is almost dead.
The yak is engulfed in blazing flames.
The yak completely misses you.
The yak is engulfed in blazing flames.
You see here a yak corpse.
The yak is engulfed in blazing flames.
You kill the yak!
Vehumet accepts your kill.
You feel your power returning.
Your Conjurations skill increases to level 8!
The yak is engulfed in blazing flames.
The yak is engulfed in blazing flames.
Casting: Foxfire (safe; 1% risk of failure)
Confirm with . or Enter, or press ? or * to list all spells.
You conjure some foxfire!
The yak gores you.
The foxfire hits the yak but does no damage.
The yak is severely wounded.
The foxfire hits the yak.
The yak is almost dead.
The yak closely misses you.
Casting: Foxfire (safe; 1% risk of failure)
Confirm with . or Enter, or press ? or * to list all spells.
You blink.
The yak gores you!
* * * LOW HITPOINT WARNING * * *
The yak gores you!
* * * LOW HITPOINT WARNING * * *
The yak gores you!
You die...

#### ###..## #..... # ....#
... #..###+##[...
.###+###########..##........
............§YYY†Y†'..#
.............Y@Y...#..#
........<..........#..#
..................##..#
...####.####..##..#####
#######.####..##..#
.............<.+..#
...............#..#
###################


You could see 6 yaks.

Vanquished Creatures
  Harold (D:7)
  Maurice (D:8)
  A hornet (D:8)
  12 yaks
  A water moccasin (D:8)
  2 sky beasts
  3 orc warriors
  2 black bears
  An ice beast (D:5)
  2 ogres
  A centaur (D:7)
  2 phantoms
  A bullfrog (D:6)
  8 scorpions
  3 wyvern zombies
  3 water moccasin zombies (D:5)
  A howler monkey (D:5)
  An electric eel (D:4)
  A bullfrog zombie (D:5)
  A human zombie (Ossuary)
  2 jellies
  A hound (D:5)
  2 gnoll shamans
  6 orc priests
  Crazy Yiuf (D:5)
  A bullfrog skeleton (D:5)
  Jessica (D:2)
  8 orc wizards
  3 iguanas (D:6)
  7 scorpion zombies (Ossuary)
  2 killer bee zombies
  2 hound zombies (D:5)
  2 hound skeletons
  3 mummies (Ossuary)
  A howler monkey skeleton (D:7)
  6 adders
  10 gnolls
  A shadow imp (D:7)
  3 white imps (D:7)
  An ufetubus (D:4)
  A worm (D:2)
  5 dart slugs
  35 orcs
  8 bats
  6 endoplasms
  2 giant cockroaches
  9 goblins
  2 hobgoblins
  7 jackals
  5 kobolds
  2 quokkas (D:2)
  7 ball pythons
  3 frilled lizards
  2 goblin zombies (Ossuary)
  3 hobgoblin zombies (Ossuary)
  4 kobold zombies (Ossuary)
  2 orc zombies (Ossuary)
  11 rats
225 creatures vanquished.

Vanquished Creatures (collateral kills)
  A howler monkey zombie (D:7)
1 creature vanquished.

Vanquished Creatures (others)
  An electric eel (D:4)
  360 foxfires
361 creatures vanquished.

Grand Total: 587 creatures vanquished

Notes
Turn   | Place    | Note
-------+----------+-------------------------------------------
     0 | D:1      | pokeman the Deep Elf Hedge Wizard began the quest for the
                  | Orb.
     0 | D:1      | Reached XP level 1. HP: 10/10 MP: 7/7
   375 | D:1      | Reached XP level 2. HP: 15/15 MP: 3/9
   807 | D:1      | Found a faded altar of an unknown god.
  1010 | D:1      | Reached skill level 5 in Spellcasting
  1222 | D:2      | Reached XP level 3. HP: 20/20 MP: 8/11
  1226 | D:2      | Learned a level 3 spell: Mephitic Cloud
  1229 | D:2      | Learned a level 2 spell: Call Imp
  1232 | D:2      | Learned a level 2 spell: Blink
  1236 | D:2      | Learned a level 3 spell: Conjure Flame
  1396 | D:2      | Reached skill level 1 in Fighting
  1453 | D:2      | Found a burning altar of Makhleb.
  1519 | D:2      | Noticed Jessica
  1523 | D:2      | Killed Jessica
  1524 | D:2      | Reached skill level 1 in Armour
  1524 | D:2      | Reached XP level 4. HP: 23/25 MP: 7/13
  2934 | D:3      | Noticed an ogre
  2944 | D:3      | Killed an ogre
  2945 | D:3      | Reached skill level 6 in Spellcasting
  2945 | D:3      | Reached skill level 1 in Fire Magic
  2945 | D:3      | Reached XP level 5. HP: 29/29 MP: 5/15
  3101 | D:3      | Found a shimmering blue altar of Sif Muna.
  3389 | D:4      | Found a hazy altar of Hepliaklqana.
  3608 | D:4      | Noticed a phantom
  3617 | D:4      | Killed a phantom
  3618 | D:4      | Reached skill level 1 in Air Magic
  3618 | D:4      | Reached XP level 6. HP: 23/34 MP: 6/17
  3766 | D:4      | Reached skill level 7 in Spellcasting
  3959 | D:4      | Found a transporter.
  3994 | D:4      | Found a transporter.
  4365 | D:4      | Identified the ring of Copsim {rElec Int+3 Dex+6}
  4387 | D:5      | Entered Level 5 of the Dungeon
  4392 | D:5      | Noticed a sky beast
  4509 | D:5      | Reached skill level 1 in Poison Magic
  4526 | D:5      | Found a staircase to the Ecumenical Temple.
  4537 | Temple   | Entered the Ecumenical Temple
  4553 | Temple   | Became a worshipper of Vehumet
  4670 | D:5      | Found a sand-covered staircase.
  4676 | Ossuary  | Entered an ossuary
  4730 | Ossuary  | Reached XP level 7. HP: 26/38 MP: 17/20
  4733 | Ossuary  | Reached skill level 1 in Evocations
  4745 | Ossuary  | Reached skill level 8 in Spellcasting
  5134 | Ossuary  | Reached * piety under Vehumet
  5134 | Ossuary  | Offered knowledge of Foxfire by Vehumet.
  5139 | Ossuary  | Learned a level 1 spell: Foxfire
  5339 | Ossuary  | Reached XP level 8. HP: 39/44 MP: 15/22
  5462 | Ossuary  | Reached skill level 9 in Spellcasting
  5728 | D:5      | Reached skill level 5 in Conjurations
  5833 | D:5      | Found a runed translucent door.
  5834 | D:5      | Noticed Crazy Yiuf
  5854 | D:5      | Killed Crazy Yiuf
  5927 | D:5      | Reached skill level 10 in Spellcasting
  6137 | D:5      | Offered knowledge of Poisonous Vapours by Vehumet.
  6520 | D:6      | Reached ** piety under Vehumet
  6523 | D:6      | Reached XP level 9. HP: 48/48 MP: 14/25
  6532 | D:6      | Reached skill level 11 in Spellcasting
  6606 | D:6      | Reached skill level 5 in Fire Magic
  7003 | D:6      | Found a hide-covered altar of Uskayaw.
  7403 | D:7      | Offered knowledge of Ignite Poison by Vehumet.
  7412 | D:7      | Reached skill level 1 in Shields
  7574 | D:7      | Noticed Harold
  7595 | D:7      | Killed Harold
  7596 | D:7      | Reached skill level 12 in Spellcasting
  7596 | D:7      | Reached XP level 10. HP: 56/56 MP: 14/28
  7844 | D:7      | Reached *** piety under Vehumet
  8120 | D:7      | Identified the +11 mace "Beetlebane" {antimagic, rN+ Str-3
                  | Int+5 Stlth+}
  8303 | D:8      | Found Buruo's Weapon Shoppe.
  8542 | D:8      | Offered knowledge of Dazzling Flash by Vehumet.
  8896 | D:8      | Noticed Maurice
  8915 | D:8      | Killed Maurice
  8916 | D:8      | Reached skill level 13 in Spellcasting
  9215 | D:9      | Reached **** piety under Vehumet
  9228 | D:9      | Slain by a yak

Illustrated notes

Levels and vault maps discovered:
D:1:      minmay_arrival_widening_spiral_narrow, layout_rooms,
          hellmonk_ecumenical_altar_leap_of_faith
D:2:      layout_loops_ring, basic_altar, kennysheep_donut,
          minmay_misc_feat_iff, item_on_display_a, uniq_jessica
D:3:      layout_loops_ring, mainiacjoe_overflow_paths
D:4:      gammafunk_steamed_eel, layout_loops_cross, lemuel_doored_altar,
          serial_glass, glass_columns_c, glass_columns_a, grunt_decor_junction,
          minmay_diced_spiral
D:5:      layout_cave_pods, minmay_temple_entry_statues_pillars,
          enter_ossuary_2, uniq_crazy_yiuf_cottage
D:6:      layout_gridville, overflow_temple_1_default, nicolae_water_bricks,
          nrook_pool_corridor, minmay_misc_feat_hallway
D:7:      layout_loops_ring, minmay_between, uniq_harold
D:8:      layout_rooms, serial_shops, nicolae_stop_n_shop_2, uniq_maurice
D:9:      layout_gridville, zin_treasury, serial_rivers,
          chequers_serial_rivers_large_a, chequers_serial_rivers_micro_c,
          chequers_serial_rivers_micro_b, chequers_serial_rivers_room_a,
          chequers_serial_rivers_room_b
Temple:   dshaligram_water_room_temple

Skill      XL: |  1  2  3  4  5  6  7  8  9 10 |
---------------+-------------------------------+-----
Spellcasting   | 5 6 7 8 10 12 13 | 13.5
Fighting       | 1 2 3 |  3.0
Armour         | 1 3 |  3.0
Conjurations   | 2 3 4 5 7 8 |  8.0
Dodging        | 3 |  3.3
Fire Magic     | 1 2 4 6 7 |  7.0
Stealth        | 3 |  3.0
Air Magic      | 1 |  1.0
Poison Magic   | 1 |  1.1
Evocations     | 1 |  1.0
Shields        | 1 3 |  3.3
Summonings     | |  1.1
Translocations | |  1.1

Action                   |  1- 3 |  4- 6 |  7- 9 | 10-12 || total
-------------------------+-------+-------+-------+-------++-------
Melee: Dagger            |    19 |       |       |       ||    19
       Falchion          |       |    44 |    34 |       ||    78
       Quarterstaff      |       |       |    28 |    31 ||    59
 Cast: Magic Dart        |    72 |   114 |    24 |    12 ||   222
       Conjure Flame     |       |     6 |    21 |    13 ||    40
       Mephitic Cloud    |       |     4 |    10 |    12 ||    26
       Foxfire           |       |       |   138 |    72 ||   210
       Blink             |       |       |     2 |     2 ||     4
       Call Imp          |       |       |     1 |       ||     1
 Stab: Sleeping          |       |     2 |       |       ||     2
       Confused          |       |       |     4 |     4 ||     8
Armor: Robe              |     5 |     1 |       |       ||     6
       Leather armour    |       |    11 |    17 |     5 ||    33
Dodge: Dodged            |    17 |    37 |    36 |    26 ||   116
       Rpst.: Falchion   |       |     9 |     6 |       ||    15

Table legend: (Time is in decaauts)
 A = Elapsed time spent in this place.
 B = Non-inter-level travel time spent in this place.
 C = Inter-level travel time spent in this place.
 D = Time resting spent in this place.
 E = Time spent auto-exploring this place.
 F = Levels seen in this place.
 G = Mean time per level.
                   A        B        C        D        E       F      G
               +--------+--------+--------+--------+--------+-----+--------+
         Total |   9266 |   9031 |    235 |     81 |   7242 |  11 |  842.4 |
       Dungeon |   8361 |   8126 |    235 |     51 |   6618 |   9 |  929.0 |
        Temple |     29 |     29 |      0 |      0 |      0 |   1 |   29.0 |
       Ossuary |    874 |    874 |      0 |     30 |    624 |   1 |  874.0 |
               +--------+--------+--------+--------+--------+-----+--------+

Top non-repeatable levels by time:
     D:4: 1305 daAuts
     D:1: 1189 daAuts
     D:5: 1148 daAuts
     D:2: 1105 daAuts
     D:7: 966 daAuts
     D:8: 880 daAuts
 Ossuary: 874 daAuts
     D:3: 861 daAuts
     D:6: 853 daAuts
     D:9: 50 daAuts
  Temple: 29 daAuts
